Map: Blackburn LE

Players

Trap

  • Race: Protoss Protoss

Reynor - Winner!

  • Race: Zerg Zerg

Event: TSL 7

VOD

Have the link to the VOD?

Description

Time

  • Played on: June 27, 2021, 2:41 p.m.
  • Length: 16:19

All games in this series

Show
View Real Time Build Order
Export as new Build Order

Trap Protoss 

Build Orders: 1 Gate Expand, Oracle Opening 

Get SALT Encoding   

  12  0:00  Probe  
  13  0:14  Pylon  
  13  0:17  Probe (Chrono Boost)  
  14  0:26  Probe (Chrono Boost)  
  15  0:31  Probe (Chrono Boost)  
  16  0:43  Probe, Gateway  
  17  0:52  Assimilator  
  17  0:55  Probe  
  18  1:07  Probe  
  19  1:20  Probe  
  19  1:25  Nexus  
  20  1:35  Cybernetics Core  
  20  1:39  Probe  
  21  1:46  Assimilator  
  21  1:51  Probe  
  22  1:55  Pylon  
  22  2:03  Probe  
  23  2:11  Probe, Adept (Chrono Boost)  
  23  2:12  Warp Gate  
  26  2:19  Probe  
  27  2:30  Stargate  
  27  2:31  Probe (Chrono Boost)  
  27  2:35  Adept  
  30  2:38  Probe (Chrono Boost)  
  32  2:47  Probe (Chrono Boost)  
  32  2:48  Probe (Chrono Boost)  
  33  2:53  Probe (Chrono Boost)  
  33  2:54  Probe  
  35  3:05  Probe, Adept  
  38  3:07  Probe  
  38  3:08  Void Ray (Chrono Boost)  
  38  3:11  Gateway  
  43  3:20  Probe  
  43  3:22  Probe  
  43  3:27  Pylon  
  45  3:32  Probe  
  46  3:42  Oracle (Chrono Boost)  
  46  3:45  Probe x2  
  51  3:52  Pylon  
  51  3:57  Probe  
  51  4:01  Nexus  
  52  4:03  Probe  
  52  4:08  Pylon  
  52  4:09  Probe  
  54  4:12  Adept  
  54  4:13  Adept  
  58  4:17  Probe  
  58  4:21  Probe  
  58  4:22  Assimilator  
  60  4:26  Assimilator  
  60  4:29  Probe  
  61  4:33  Probe  
  61  4:35  Forge  
  61  4:37  Twilight Council  
  62  4:44  Probe  
  62  4:45  Probe  
  64  4:46  Pylon  
  64  4:51  Protoss Ground Weapons Level 1 (Chrono Boost)  
  64  4:56  Probe  
  64  4:57  Probe  
  64  4:58  Gateway  
  64  4:59  Gateway  
  66  5:02  Shield Battery  
  66  5:07  Robotics Facility  
  66  5:08  Blink (Chrono Boost)  
  66  5:15  Probe x2  
  66  5:17  Probe  
  66  5:21  Sentry x2  
  73  5:24  Pylon  
  73  5:27  Probe x2  
  75  5:29  Probe  
  75  5:34  Pylon  
  76  5:40  Probe x2  
  76  5:41  Probe  
  79  5:44  Sentry  
  79  5:45  Sentry  
  83  5:56  Gateway  
  83  5:57  Warp Prism (Chrono Boost)  
  83  5:58  Gateway  
  83  5:59  Gateway  
  83  6:02  Probe x2, Gateway  
  83  6:03  Probe  
  88  6:08  Pylon  
  88  6:15  Pylon, Stalker x2  
  92  6:19  Stalker  
  92  6:20  Stalker  
  92  6:24  Assimilator  
  96  6:25  Assimilator  
  96  6:27  Probe x2  
  96  6:28  Probe, Observer  
  100  6:36  Pylon  
  100  6:41  Pylon, Stalker x2  
  100  6:44  Probe x3  
  107  6:48  Stalker x2  
  111  6:58  Robotics Facility  
  111  7:00  Robotics Bay  
  111  7:06  Stalker  
  111  7:07  Stalker x3  
  119  7:16  Stalker  
  119  7:17  Stalker x2  
  119  7:22  Pylon  
  125  7:30  Pylon  
  125  7:31  Pylon  
  125  7:34  Pylon  
  125  7:38  Protoss Ground Weapons Level 2 (Chrono Boost)  
  125  7:44  Disruptor x2 (Chrono Boost)  
  125  7:50  Charge  
  131  8:01  Stalker x6  
  131  8:05  Photon Cannon  
  143  8:07  Photon Cannon  
  143  8:09  Pylon  
  141  8:13  Disruptor (Chrono Boost)  
  141  8:16  Disruptor (Chrono Boost)  
  146  8:23  Probe x3  
  146  8:24  Extended Thermal Lance  
  149  8:28  Nexus  
  149  8:30  Pylon  
  149  8:37  Photon Cannon  
  149  8:42  Zealot x4  
  157  8:51  Zealot x4  
  169  8:55  Colossus (Chrono Boost)  
  169  8:58  Colossus (Chrono Boost)  
  169  9:17  Photon Cannon, Nexus  
  167  9:35  Templar Archives  
  167  9:36  Stalker x3  
  167  9:37  Stalker x3  
  179  9:49  Pylon  
  179  9:52  Pylon  
  179  9:54  Psionic Storm  
  179  9:59  Protoss Ground Weapons Level 3 (Chrono Boost)  
  179  10:01  Disruptor  
  179  10:06  Colossus  
  185  10:13  Probe x3  
  188  10:17  Assimilator  
  188  10:20  Assimilator  
  188  10:21  Photon Cannon  
  188  10:24  Photon Cannon  
  188  10:25  Probe  
  185  10:30  High Templar x2  
  189  10:37  High Templar  
  189  10:46  High Templar  
  191  10:52  Stalker x3  
  191  10:56  Nexus  
  195  10:59  Gateway  
  195  11:02  Gateway  
  195  11:04  Gateway  
  189  11:22  Nexus  
  183  11:29  Zealot x5  
  183  11:30  Zealot x3  
  197  11:35  Fleet Beacon  
  195  11:52  Disruptor x2  
  189  12:12  Zealot x8, Pylon  
  189  12:13  Zealot  
  195  12:17  Stargate  
  195  12:18  Stargate  
  195  12:32  High Templar x2  
  199  12:39  Protoss Air Weapons Level 1  
  199  12:48  Observer (Chrono Boost), Gravitic Boosters  
  199  12:50  Protoss Shields Level 1 (Chrono Boost)  
  199  12:51  High Templar  
  198  13:03  Disruptor x2 (Chrono Boost)  
  182  13:11  Pylon  
  187  13:14  Assimilator  
  187  13:15  Zealot x6  
  187  13:19  Assimilator  
  199  13:28  Disruptor (Chrono Boost)  
  199  13:29  Disruptor (Chrono Boost)  
  186  13:40  Mothership (Chrono Boost)  
  172  13:41  Carrier x3 (Chrono Boost)  
  172  13:45  Gravitic Drive  
  180  14:10  High Templar x4  
  188  14:22  Observer x2 (Chrono Boost)  
  167  14:38  Zealot  
  167  14:39  Zealot x6  
  169  14:55  Archon  
  169  14:56  Archon  
  169  14:59  Zealot x4  
  174  15:00  Zealot x5  
  174  15:06  Observer x2  
  166  15:32  Zealot x3  
  166  15:33  Zealot x4  
  117  15:49  High Templar  
  91  15:50  High Templar x3  
  91  15:55  High Templar x2  
Show
View Real Time Build Order
Export as new Build Order

Reynor Zerg - Winner!

Build Orders: Hatch First, Lurkers 

Get SALT Encoding   

  12  0:00  Drone  
  13  0:12  Overlord  
  13  0:17  Drone  
  14  0:30  Drone x2  
  16  0:43  Drone  
  17  0:52  Hatchery  
  17  0:55  Drone  
  17  1:00  Drone  
  18  1:08  Extractor  
  17  1:15  Spawning Pool  
  17  1:17  Drone  
  17  1:21  Drone  
  18  1:27  Drone  
  19  1:40  Drone  
  20  1:49  Overlord  
  20  2:01  Queen  
  20  2:04  Drone  
  20  2:06  Queen  
  20  2:07  Drone  
  26  2:11  Zergling x2  
  26  2:12  Metabolic Boost  
  26  2:15  Zergling x2  
  28  2:21  Drone  
  29  2:25  Drone  
  30  2:36  Hatchery  
  29  2:38  Drone  
  29  2:41  Zergling x2  
  31  2:48  Queen  
  33  2:51  Zergling x2  
  33  2:55  Overlord  
  35  2:58  Drone  
  35  3:00  Drone  
  36  3:13  Queen, Overlord  
  36  3:14  Drone  
  36  3:18  Drone  
  40  3:20  Drone  
  40  3:24  Queen  
  43  3:27  Zergling x2  
  43  3:31  Drone  
  45  3:36  Drone  
  45  3:41  Drone  
  47  3:46  Overlord  
  48  3:48  Drone  
  48  3:52  Queen  
  48  3:53  Queen  
  48  3:54  Drone  
  53  3:56  Overlord  
  53  4:05  Drone, Spore Crawler  
  53  4:06  Drone x2  
  53  4:07  Drone  
  53  4:09  Drone  
  57  4:11  Drone  
  57  4:14  Overlord  
  58  4:17  Drone  
  58  4:19  Drone  
  58  4:21  Drone  
  58  4:23  Drone x2  
  63  4:26  Queen  
  63  4:28  Drone  
  66  4:33  Drone x3  
  66  4:34  Drone  
  66  4:38  Spore Crawler  
  69  4:41  Drone x2  
  69  4:42  Drone  
  72  4:46  Overlord  
  72  4:49  Lair  
  72  4:52  Roach Warren  
  71  4:54  Drone x2  
  71  4:55  Drone  
  74  5:00  Overlord  
  74  5:01  Extractor  
  74  5:05  Overlord  
  73  5:07  Drone x3, Evolution Chamber  
  73  5:08  Drone  
  73  5:10  Drone x2  
  78  5:14  Overlord  
  78  5:18  Drone x4  
  78  5:19  Drone x2  
  83  5:22  Queen  
  83  5:24  Overlord  
  83  5:26  Drone  
  86  5:36  Drone x3  
  86  5:38  Overlord  
  86  5:42  Hatchery  
  88  5:43  Queen  
  88  5:48  Zergling x4  
  92  5:50  Overseer  
  92  5:51  Overlord  
  92  5:52  Drone x2  
  92  5:54  Extractor  
  92  5:55  Drone x3, Extractor  
  92  5:56  Extractor  
  93  5:57  Extractor  
  93  5:58  Zerg Missile Weapons Level 1  
  93  6:01  Queen  
  93  6:02  Queen  
  96  6:06  Overlord  
  96  6:07  Drone  
  96  6:08  Drone  
  98  6:11  Overlord  
  98  6:19  Overlord  
  98  6:23  Queen  
  100  6:28  Overlord  
  100  6:36  Roach x13  
  100  6:37  Queen  
  128  6:44  Roach x2  
  131  6:47  Roach x4  
  139  6:56  Infestation Pit, Overlord, Glial Reconstitution  
  138  7:12  Drone x3  
  138  7:13  Drone x3  
  144  7:16  Overlord  
  144  7:17  Ravager x5  
  144  7:19  Drone x6  
  155  7:25  Hatchery  
  155  7:27  Ravager, Overlord  
  155  7:28  Ravager, Roach x2  
  155  7:29  Zergling x6  
  163  7:30  Drone  
  163  7:33  Spore Crawler  
  163  7:40  Zergling x10, Roach  
  163  7:41  Drone x2  
  163  7:43  Drone  
  173  7:45  Overlord  
  173  7:50  Hive  
  173  7:57  Overlord  
  173  7:58  Drone x5  
  176  8:00  Extractor  
  176  8:01  Extractor  
  176  8:06  Zerg Missile Weapons Level 2  
  176  8:11  Ravager x3  
  179  8:13  Zergling x10, Roach x4  
  179  8:16  Overlord  
  191  8:21  Pneumatized Carapace  
  191  8:26  Overseer  
  190  8:29  Drone x2  
  190  8:31  Hydralisk Den  
  190  8:32  Drone x3  
  190  8:33  Drone x4  
  198  8:34  Spore Crawler x2  
  198  8:35  Spore Crawler  
  198  8:37  Drone  
  196  8:42  Overlord  
  193  8:49  Extractor, Overlord  
  193  8:50  Extractor  
  188  9:02  Viper x4  
  192  9:05  Queen  
  194  9:21  Muscular Augments  
  194  9:24  Hatchery, Lurker Den, Zergling x12  
  194  9:25  Zergling x4  
  200  9:41  Spine Crawler  
  200  9:42  Spore Crawler  
  200  9:43  Drone x2, Spine Crawler  
  200  9:44  Drone  
  200  9:45  Spine Crawler  
  199  9:46  Spine Crawler  
  199  9:48  Evolution Chamber  
  199  9:49  Overlord  
  184  10:07  Viper x2  
  184  10:12  Hydralisk  
  184  10:13  Hydralisk x4  
  200  10:17  Overlord  
  200  10:26  Overlord  
  200  10:32  Hatchery  
  199  10:46  Adaptive Talons  
  199  10:48  Grooved Spines, Zerg Ground Armor Level 1  
  199  10:49  Zerg Missile Weapons Level 3  
  199  10:56  Lurker  
  200  11:01  Extractor  
  200  11:02  Extractor  
  195  11:12  Lurker  
  195  11:14  Lurker x3  
  195  11:17  Hydralisk x4  
  177  11:28  Drone x3, Queen  
  177  11:29  Hydralisk x7  
  177  11:30  Hydralisk x2  
  189  11:35  Hydralisk x4  
  189  11:36  Hydralisk x2  
  197  11:43  Seismic Spines  
  194  11:54  Lurker x4  
  194  11:55  Lurker x2  
  194  12:05  Hydralisk  
  194  12:06  Hydralisk x11  
  198  12:13  Hatchery  
  197  12:17  Lurker x2  
  199  12:23  Extractor  
  199  12:24  Overseer  
  195  12:43  Drone x6  
  195  12:47  Lurker  
  195  12:48  Lurker x3  
  186  13:27  Hydralisk x7  
  187  13:35  Zerg Ground Armor Level 2  
  187  13:41  Hydralisk x13  
  193  14:01  Queen, Lurker x5  
  193  14:02  Hydralisk  
  197  14:07  Hydralisk  
  197  14:08  Hydralisk x2  
  192  14:20  Hydralisk  
  192  14:21  Hydralisk x12  
  199  14:24  Lurker  
  199  14:28  Hydralisk x3  
  200  14:35  Roach  
  200  14:36  Roach x8  
  195  14:43  Drone x4  
  195  14:44  Drone  
  198  14:55  Roach x3  
  196  15:01  Lurker x4  
  198  15:26  Hydralisk x8  
  199  15:30  Hydralisk x3  
  183  15:36  Hydralisk x2  
  183  15:37  Hydralisk x6  
  183  15:41  Hydralisk  
  183  15:42  Hydralisk x5  
  189  15:44  Overseer  
  189  15:46  Zergling x14, Roach  
  189  15:48  Hydralisk  
  189  15:49  Zergling x2  
  165  15:53  Hydralisk x3  
  164  15:57  Drone  
  164  16:00  Lurker x2  
Tags
 
Add a new tag
Caveats
  • Supply blocks, unpowered buildings, or Contaminate may cause inaccurate times.
  • Supply counts are checked every 10 seconds.